 Dungeon Crawl Stone Soup version 0.25-a0-294-gea9b1ad378 (webtiles) character file.

Game seed: 13682099227046132818, levelgen mode: deterministic

151 Redear the Skirmisher (level 5, -2/37 HPs)
             Began as an Octopode Fighter on Dec 18, 2019.
             Slain by a phantom (10 damage)
             ... on level 4 of the Dungeon.
             The game lasted 00:03:02 (2492 turns).

Redear the Skirmisher (Octopode Fighter)            Turns: 2492, Time: 00:03:02

Health: -2/37      AC:  1    Str: 15    XL:     5   Next: 33%
Magic:  5/5        EV: 12    Int: 11    God:
Gold:   171        SH:  9    Dex: 12    Spells: 4/4 levels left

rFire    . . .     SeeInvis .   a - +0 long sword
rCold    . . .     Gourm    .   b - +0 shield
rNeg     . . .     Faith    .   (helmet restricted)
rPois    .         Spirit   .   (no amulet)
rElec    .         Reflect  .   (no ring)
rCorr    .         Harm     .   (no ring)
MR       .....                  (no ring)
Stlth    +++.......             (no ring)
HPRegen  0.12/turn              (no ring)
MPRegen  0.09/turn              (no ring)
                                (no ring)
                                (no ring)

@: starving
A: almost no armour, stealthy swim, amphibious, 8 rings, constrict 8, camouflage
1, gelatinous body 1
a: no special abilities


You were on level 4 of the Dungeon.
You were starving.

You visited 1 branch of the dungeon, and saw 4 of its levels.

You collected 171 gold pieces.

Inventory:

Hand Weapons
 a - a +0 long sword (weapon)
 p - a cursed -2 shortbow
Missiles
 i - 23 poisoned darts (quivered)
 t - 3 curare-tipped darts
Armour
 b - a +0 shield (worn)
Jewellery
 l - a cursed amulet of inaccuracy {unknown}
Scrolls
 d - 3 scrolls of identify {unknown}
 e - 2 scrolls of teleportation {unknown}
 f - a scroll of amnesia {unknown}
 k - 2 scrolls of remove curse {unknown}
 m - a scroll of random uselessness {unknown}
 o - 2 scrolls of fog {unknown}
 r - 2 scrolls of blinking {unknown}
Potions
 c - 2 potions of might {Str+5 DMG+1d10 | @q3}
 g - a potion of haste {unknown}
 h - 2 potions of curing {unknown}
 j - 2 potions of mutation {unknown}
 n - a potion of magic {unknown}
 q - a potion of agility {unknown}
 s - a potion of degeneration {unknown}
Comestibles
 z - 5 rations


   Skills:
 + Level 3.9 Fighting
 - Level 2.1 Long Blades
 + Level 3.8 Dodging
 + Level 3.3 Stealth
 + Level 3.8 Shields


You had 4 spell levels left.
You didn't know any spells.
Your spell library was empty.

Dungeon Overview and Level Annotations

Branches:
Dungeon (4/15)
 Temple: D:4-7

Altars:
Nemelex Xobeh


Innate Abilities, Weirdness & Mutations

You cannot wear most types of armour.
You are very stealthy in the water. (Stealth+)
You are amphibious.
You can wear up to eight rings at the same time.
You can use your tentacles to constrict eight enemies at once.
Your skin changes colour to match your surroundings (Stealth+).
Your rubbery body absorbs attacks. (AC +1, EV +1)


Message History

What are your orders? t - Shout!
Orders for allies: a - Attack new target. r - Retreat! s - Stop attacking. g - Guard the area. f - Follow me.
Anything else - Cancel.
Okay, then.
What are your orders? t - Shout!
Orders for allies: a - Attack new target. r - Retreat! s - Stop attacking. g - Guard the area. f - Follow me.
Anything else - Cancel.
Okay, then.
The phantom blinks!
You block the phantom's attack.
You closely miss the phantom.
The phantom is severely damaged.
The phantom hits you!
You die...

##...##
##.###########
.#
#...........#
.#
###########.#
.# #.# ># #.#
.# #.# .#
#W######.#
#@....ยง..#
##########


You could see a phantom.

Vanquished Creatures
  An orc wizard (D:3)
  3 adders (D:2)
  An ooze (D:2)
  6 worms
  3 dart slugs (D:2)
  3 leopard geckos (D:3)
  8 orcs (D:3)
  3 giant cockroaches
  5 goblins
  9 hobgoblins
  3 jackals (D:2)
  A quokka (D:2)
  8 bats
  4 kobolds
  3 rats
61 creatures vanquished.

Notes
Turn   | Place    | Note
-------+----------+-------------------------------------------
     0 | D:1      | Redear the Octopode Fighter began the quest for the Orb.
     0 | D:1      | Reached XP level 1. HP: 16/16 MP: 1/1
   803 | D:2      | Reached XP level 2. HP: 21/21 MP: 2/2
   808 | D:2      | Reached skill level 1 in Stealth
   824 | D:2      | Found a sparkling altar of Nemelex Xobeh.
   974 | D:2      | Reached XP level 3. HP: 21/26 MP: 3/3
  1096 | D:2      | Reached skill level 2 in Stealth
  1123 | D:2      | Found a faded altar of an unknown god.
  1155 | D:2      | Reached XP level 4. HP: 20/31 MP: 4/4
  1591 | D:3      | Reached skill level 3 in Stealth
  1591 | D:3      | Reached XP level 5. HP: 31/37 MP: 5/5
  2464 | D:4      | Noticed a phantom
  2492 | D:4      | Slain by a phantom

Levels and vault maps discovered:
D:1:      dpeg_arrival_water_temple_mockup, layout_loops_ring
D:2:      layout_loops_ring, nemelex_xobeh_ov_fountains_minmay,
          chequers_ecumenical_altar_twisty, first_ration,
          corexii_item_surrounded_by_moat
D:3:      layout_loops_corners
D:4:      layout_loops_ring, gammafunk_ghost_nasty_kobolds, minmay_pentangle,
          uniq_sigmund

Skill      XL: |  1  2  3  4 |
---------------+-------------+-----
Stealth        | 1 2 3 |  3.3
Fighting       | |  3.9
Long Blades    | |  2.1
Dodging        | |  3.8
Shields        | |  3.8

Action                   |  1- 3 |  4- 6 || total
-------------------------+-------+-------++-------
Melee: Long sword        |    62 |    65 ||   127
       Constrict         |    20 |    16 ||    36
       Tentacles         |    12 |    21 ||    33
 Stab: Sleeping          |     7 |     9 ||    16
  Eat: Chunk             |       |     3 ||     3
Armor: Skin              |     3 |     2 ||     5
Dodge: Dodged            |    23 |    25 ||    48
Block: Shield            |    18 |    28 ||    46
       Rpst.: Long sword |     4 |     8 ||    12

Table legend:
 A = Non-vault XP
 B = Vault XP
 C = Vault XP percentage of total XP
 D = Non-vault monster count
 E = Vault monster count
 F = Vault count percentage of total count
                 A         B        C        D         E       F
            +---------+---------+-------+---------+---------+-------
      Total |     217 |       0 |   0.0 |      61 |       0 |   0.0
            +---------+---------+-------+---------+---------+-------
        D:1 |       9 |       0 |   0.0 |       6 |       0 |   0.0
        D:2 |     116 |       0 |   0.0 |      32 |       0 |   0.0
        D:3 |      92 |       0 |   0.0 |      23 |       0 |   0.0
            +---------+---------+-------+---------+---------+-------
